 Dungeon Crawl Stone Soup version 0.25-a0-940-gc6eaff51cc (webtiles) character file.

Game seed: 4232520781737103906, levelgen mode: deterministic

879 bmfx the Sneak (level 8, -3/52 HPs)
             Began as a Halfling Air Elementalist on May 5, 2020.
             Killed by miscasting Airstrike (11 damage)
             ... on level 8 of the Dungeon.
             The game lasted 00:18:42 (6462 turns).

bmfx the Sneak (Halfling Air Elementalist)          Turns: 6462, Time: 00:18:42

Health: -3/52      AC:  2    Str:  9    XL:     8   Next: 25%
Magic:  2/10       EV: 15    Int: 15    God:
Gold:   221        SH:  0    Dex: 15    Spells: 3/10 levels left

rFire    . . .     SeeInvis .   f - +2 short sword (venom)
rCold    . . .     Gourm    .   (shield restricted)
rNeg     . . .     Faith    .   a - +0 robe
rPois    .         Spirit   .   (no helmet)
rElec    .         Reflect  .   (no cloak)
rCorr    .         Harm     .   (no gloves)
MR       .....                  (no boots)
Stlth    +++.......             (no amulet)
HPRegen  0.17/turn              (no ring)
MPRegen  0.12/turn              (no ring)

@: very slightly contaminated
A: small, mutation resistance 1
a: no special abilities


You were on level 8 of the Dungeon.
You were not hungry.

You visited 1 branch of the dungeon, and saw 7 of its levels.
You also visited: Ossuary.

You collected 221 gold pieces.


Innate Abilities, Weirdness & Mutations

You are small and have problems with some larger weapons.
You are somewhat resistant to further mutation.

Dungeon Overview and Level Annotations

Branches:
Dungeon (8/15)            Ossuary (visited)
 Temple: D:4-7         Lair: D:8-11

Altars:

Annotations:
D:2 exclusion: gnoll
D:7 exclusions: 2 howler monkeys and ogre


   Skills:
 - Level 3.0 Fighting
 - Level 2.6 Short Blades
 - Level 2.1 Dodging
 - Level 6.0 Stealth
 + Level 3.7 Shields
 - Level 1.5 Spellcasting
 - Level 0.7 Conjurations
 - Level 5.6 Air Magic


You had 3 spell levels left.
You knew the following spells:

 Your Spells              Type           Power        Failure   Level  Hunger
s - Swiftness             Chrm/Air       #.......     11%         2    ###....
A - Shock                 Conj/Air       ##..         6%          1    ##.....
B - Airstrike             Air            ###.......   22%         4    #####..

Your spell library contained the following spells:

 Spells                   Type           Power        Failure   Level  Hunger
 Static Discharge         Conj/Air       ##......     19%         3    ####...
 Lightning Bolt           Conj/Air       ##........   86%         5    ######.

Action                   |  1- 3 |  4- 6 |  7- 9 || total
-------------------------+-------+-------+-------++-------
Melee: Short sword       |    38 |    84 |    98 ||   220
Throw: Dart              |       |     8 |    12 ||    20
       Stone             |       |     1 |       ||     1
 Cast: Shock             |    21 |    69 |    66 ||   156
  Use: Scroll            |       |     4 |     4 ||     8
       Potion            |       |       |     4 ||     4
 Stab: Sleeping          |     8 |     6 |     1 ||    15
  Eat: Chunk             |     2 |    10 |     4 ||    16
       Ration            |       |       |     2 ||     2
Armor: Robe              |     5 |     7 |     8 ||    20
       Skin              |       |       |     2 ||     2
Dodge: Dodged            |    22 |    64 |    63 ||   149
Block: Buckler           |       |       |     5 ||     5

Skill      XL: |  1  2  3  4  5  6  7  8 |
---------------+-------------------------+-----
Short Blades   | 1 2 |  2.6
Stealth        | 3 4 5 6 |  6.0
Air Magic      | 4 5 |  5.6
Fighting       | 1 2 3 |  3.0
Shields        | 2 3 |  3.7
Dodging        | |  2.1
Spellcasting   | |  1.5
Conjurations   | |  0.7

Inventory:

Hand Weapons
 f - a +2 short sword of venom (weapon)
 w - a +1 whip of electrocution
Missiles
 h - 100 stones
 q - 14 poisoned darts (quivered)
 s - 30 sling bullets
Armour
 a - a +0 robe (worn)
 j - a +0 buckler
Scrolls
 d - a scroll of immolation {unknown}
 e - a scroll of enchant weapon {unknown}
 g - a scroll of enchant armour {unknown}
 i - a scroll of remove curse {@r4}
 k - a scroll of blinking
 l - a scroll of noise {unknown}
 n - a scroll of summoning {unknown}
 u - a scroll of amnesia {unknown}
Potions
 b - a potion of flight {unknown}
 m - a potion of brilliance {unknown}
 o - a potion of curing {@q2}
 p - a potion of magic {unknown}
 r - a potion of berserk rage {unknown}
 t - a potion of degeneration {unknown}
Comestibles
 c - 5 rations
 v - 3 chunks of flesh {@w1}

,* #.# *,*,, ,*
#.# *,*** ,* #§#
*,* ,****** #.#
*,*** ,,,,,,* #g#
*,,,, **,**,* #.#
*,,,, *,**,* #.#
***** *,**,*
#.#### **,**,*
#..@)#### *
,,,,,,*
####.##g## #####
,*,****
#g#.#g#######....
,*,*
#Z.#..........##.
,*,*
#÷#...########Z..
,*,* #.##.###
#..( ,*,*
#.##...# #...
,*,* *******
#.####.# ####
,,,* *,,,,,* #.#
#.# *******


You could see a gnoll and a hobgoblin zombie.

Vanquished Creatures
  An ice beast (D:8)
  A necrophage (D:5)
  An ogre (D:8)
  2 centaurs (D:8)
  A scorpion (D:5)
  A crimson imp (D:5)
  A centaur zombie (D:7)
  A hound (D:5)
  A jelly (D:5)
  An orc priest (D:4)
  An iguana (D:4)
  A worker ant (D:4)
  2 mummies
  5 adders
  2 gnolls (D:8)
  A howler monkey skeleton (D:5)
  An ooze (D:2)
  A leopard gecko (D:3)
  12 orcs
  6 bats
  6 giant cockroaches
  10 goblins
  6 hobgoblins
  3 jackals (D:1)
  A quokka (D:3)
  3 ball pythons
  4 frilled lizards
  8 gnoll skeletons (Ossuary)
  8 kobolds
  7 kobold skeletons (Ossuary)
  10 orc skeletons (Ossuary)
  5 rats
114 creatures vanquished.

Levels and vault maps discovered:
D:1:      minmay_arrival_plants_in_alcoves, layout_basic
D:2:      minmay_general_purpose_star, layout_loops_ring
D:3:      layout_basic
D:4:      layout_loops_ring
D:5:      layout_basic, first_ration, uniq_eustachio
D:7:      layout_loops_ring, minmay_temple_entry_butterflies,
          minmay_guarded_unrand_staff_of_olgreb
D:8:      layout_loops_ring, special_room [special_room_kobold],
          nicolae_ossuary_entry_giza


Message History

Press: ? - help, Dir - move target cursor You are very lightly contaminated with residual magic.
As you read the scroll of blinking, it crumbles to dust.
The gnoll hits you from afar with a cursed -1 spear!
* * * LOW HITPOINT WARNING * * *
You see here a +0 giant spiked club.
Okay, then.
Casting: Shock (safe; 6% risk of failure)
Confirm with . or Enter, or press ? or * to list all spells.
The spell is quite dangerous to cast (22% risk of failure)!
Continue anyway?
Okay, then.
Okay, then.
Casting: Airstrike (quite dangerous; 22% risk of failure)
Confirm with . or Enter, or press ? or * to list all spells.
The spell is quite dangerous to cast (22% risk of failure)!
Continue anyway?
Aiming: Airstrike (quite dangerous; 22% risk of failure)
Press: ? - help, Dir - move target cursor, f - gnoll
Aim: a gnoll, wielding a -1 spear (moderately wounded)
You miscast Airstrike.
You feel a sudden electric shock!
You die...

Notes
Turn   | Place    | Note
-------+----------+-------------------------------------------
     0 | D:1      | bmfx the Halfling Air Elementalist began the quest for the
                  | Orb.
     0 | D:1      | Reached XP level 1. HP: 11/11 MP: 3/3
   523 | D:1      | Reached XP level 2. HP: 17/17 MP: 4/4
   917 | D:1      | Reached skill level 1 in Short Blades
  1116 | D:2      | Reached XP level 3. HP: 18/21 MP: 5/5
  1118 | D:2      | Reached skill level 3 in Stealth
  1437 | D:2      | Reached XP level 4. HP: 27/27 MP: 0/6
  1499 | D:2      | Learned a level 4 spell: Airstrike
  2414 | D:3      | Reached XP level 5. HP: 31/31 MP: 4/7
  3262 | D:4      | Reached skill level 4 in Stealth
  3397 | D:4      | Reached skill level 1 in Fighting
  3812 | D:4      | Reached XP level 6. HP: 34/38 MP: 8/8
  3849 | D:5      | Entered Level 5 of the Dungeon
  3864 | D:5      | Noticed a necrophage
  3921 | D:5      | Killed a necrophage
  4190 | D:5      | Reached skill level 5 in Stealth
  4190 | D:5      | Reached XP level 7. HP: 44/44 MP: 9/9
  4263 | D:5      | Reached skill level 5 in Air Magic
  4452 | D:5      | You fall into a shaft and drop 3 floors!
  4728 | D:8      | Reached skill level 6 in Stealth
  4817 | D:8      | Found a sand-covered staircase.
  4822 | Ossuary  | Entered an ossuary
  4822 | Ossuary  | Noticed a wraith
  4822 | Ossuary  | Noticed a wraith
  4822 | Ossuary  | Noticed a wraith
  5181 | Ossuary  | Noticed a wraith
  5182 | Ossuary  | p0werm0de: dang he ho loves halfling
  5183 | Ossuary  | p0werm0de: where i be pro remove
  5183 | Ossuary  | bmfx: that's the last combo to greatrace ha
  5500 | Ossuary  | Learned a level 2 spell: Swiftness
  5551 | D:8      | p0werm0de: nice so ill chill here
  5557 | D:8      | Reached XP level 8. HP: 35/52 MP: 10/10
  6069 | D:7      | bmfx: jeez...
  6462 | D:8      | Killed by miscasting Airstrike
